 Dungeon Crawl Stone Soup version 0.21-a0-476-gd103f4b (webtiles) character file.

30 tof the Skirmisher (level 3, -1/29 HPs)
             Began as a Demonspawn Berserker on Nov 22, 2017.
             Was a Follower of Trog.
             Slain by a hobgoblin
             ... wielding a +0 club
              (2 damage)
             ... on level 2 of the Dungeon.
             The game lasted 00:00:52 (1091 turns).

tof the Skirmisher (Demonspawn Berserker)           Turns: 1091, Time: 00:00:52

Health: -1/29      AC:  4    Str: 17    XL:     3   Next: 5%
Magic:  3/3        EV: 12    Int:  8    God:    Trog [*.....]
Gold:   60         SH:  0    Dex: 13    Spells: 2/2 levels left

rFire    . . .     SeeInvis .   a - +0 falchion
rCold    . . .     Gourm    .   (no shield)
rNeg     . . .     Faith    .   b - +0 animal skin
rPois    .         Spirit   .   (no helmet)
rElec    .         Reflect  .   (no cloak)
rCorr    .         Harm     .   (no gloves)
MR       .....                  (no boots)
Stlth    +.........             (no amulet)
HPRegen  0.09/turn              (no ring)
MPRegen  0.08/turn              (no ring)

@: berserk cooldown, slowed, very slow
A: slimy green scales 1, rot immunity
a: Berserk, Burn Spellbooks, Renounce Religion


You were on level 2 of the Dungeon.
You worshipped Trog.
Trog was aware of your devotion.
You were hungry.

You visited 1 branch of the dungeon, and saw 2 of its levels.

You collected 60 gold pieces.

Inventory:

Hand Weapons
 a - a +0 falchion (weapon)
Missiles
 m - a throwing net (quivered)
Armour
 b - a +0 animal skin (worn)
Jewellery
 n - an uncursed amulet of the gourmand {unknown}
Scrolls
 e - 2 scrolls of enchant armour {unknown}
 i - a scroll of teleportation {unknown}
 p - a scroll of amnesia {unknown}
Potions
 d - a potion of invisibility {unknown}
 g - a potion of agility {unknown}
 j - a potion of flight {unknown}
 k - a potion of resistance {unknown}
 o - a potion of haste {unknown}
Comestibles
 c - a bread ration
 f - 4 fruits
 h - a meat ration
 l - 2 chunks of flesh


   Skills:
 + Level 3.2 Fighting
 * Level 3.2 Long Blades
 + Level 2.1 Armour
 + Level 2.1 Dodging


You had 2 spell levels left.
You didn't know any spells.

Dungeon Overview and Level Annotations

Branches:
Dungeon (2/15)

Altars:
Xom

Annotations:
D:2 Robin


Innate Abilities, Weirdness & Mutations

You are partially covered in slimy green scales. (AC +2)
You are immune to rotting.


Message History

Trog accepts your kill. The goblin hits you but does no damage.
The hobgoblin hits you.
* * * LOW HITPOINT WARNING * * *
The goblin closely misses you.
You riposte.
You hit the goblin but do no damage. The hobgoblin closely misses you.
The goblin hits you but does no damage. x2
The hobgoblin hits you but does no damage.
A jackal comes into view.
You hit the hobgoblin.
The hobgoblin is severely wounded.
The goblin hits you but does no damage. The hobgoblin misses you.
The hobgoblin hits you.
* * * LOW HITPOINT WARNING * * *
The goblin barely misses you.
You riposte.
You hit the goblin.
The goblin is moderately wounded.
The goblin closely misses you.
You riposte.
You miss the goblin. The goblin hits you with a dagger.
* * * LOW HITPOINT WARNING * * *
The hobgoblin closely misses you. The hobgoblin hits you with a club.
You die...

#...# #...#
#########.##
#.........#
.#......##
#.......####.#(
#..?..........#
#.##.#gg####.#
#....Sg@#
....h##g#
##.### #g# #..


ggg .. ggw ..... ..... #.....# You could see a worm, Robin, an adder, a jackal,
2 hobgoblins and 7 goblins.

Vanquished Creatures
  A worm (D:2)
  A dart slug (D:1)
  A leopard gecko (D:2)
  A giant cockroach (D:2)
  4 goblins
  3 hobgoblins
  3 kobolds (D:1)
  A quokka (D:2)
  4 bats
  4 rats (D:1)
23 creatures vanquished.

Notes
Turn   | Place    | Note
-------+----------+-------------------------------------------
     0 | D:1      | tof the Demonspawn Berserker began the quest for the Orb.
     0 | D:1      | Reached XP level 1. HP: 18/18 MP: 1/1
   131 | D:1      | Gained mutation: You are immune to rotting. [demonic ancestry]
   131 | D:1      | Reached XP level 2. HP: 8/24 MP: 2/2
   942 | D:2      | Found a shimmering altar of Xom.
  1084 | D:2      | Noticed Robin
  1089 | D:2      | Gained mutation: You are partially covered in slimy green scales. (AC +2) [demonic ancestry]
  1089 | D:2      | Reached XP level 3. HP: 5/29 MP: 3/3
  1091 | D:2      | HP: 1/29 [goblin/dagger[Robin] (1)]
  1091 | D:2      | Slain by a hobgoblin

Vault maps used:
D:1:      dpeg_arrival_central, corexii_leaking_fountain
D:2:      nicolae_overflow_crystal_walls, minmay_snake_closets, uniq_natasha,
          uniq_robin

Skill      XL: |  1  2 |
---------------+-------+-----
Long Blades    | 3 |  3.2
Armour         | 2 |  2.1
Dodging        | 2 |  2.1
Fighting       | |  3.2

Action                   || total
-------------------------++-------
Melee: Falchion          ||    73
Invok: Berserk           ||     1
 Stab: Sleeping          ||     1
  Eat: Chunk             ||     1
Armor: Animal skin       ||    28
Dodge: Dodged            ||    71
       Rpst.: Falchion   ||    19

Table legend:
 A = Spawn XP
 B = Non-spawn XP
 C = Spawn XP percentage of total XP
 D = Spawn monster count
 E = Non-spawn monster count
 F = Spawn count percentage of total count
 G = Total turns spent on level
                    A         B        C        D         E        F      G
               +---------+---------+-------+---------+---------+-------+---------
         Total |       0 |      44 |   0.0 |       0 |      23 |   0.0 |  1091
               +---------+---------+-------+---------+---------+-------+---------
           D:1 |       0 |      25 |   0.0 |       0 |      15 |   0.0 |   923
           D:2 |       0 |      19 |   0.0 |       0 |       8 |   0.0 |   168
               +---------+---------+-------+---------+---------+-------+---------
